% Time on Ice - SEATTLE GRUNGE
Lines # - Real PCT - Wanted PCT - Time Play
Normal Forward
1 - 36% - 36% - 16:58
2 - 31% - 31% - 14:27
3 - 23% - 23% - 10:50
4 - 9% - 10% - 4:24
Normal Defense
1 - 39% - 37% - 18:10
2 - 32% - 34% - 15:01
3 - 28% - 29% - 13:00
4 - 1% - 0% - 0:28
PP Forward
1 - 67% - 55% - 5:54
2 - 33% - 45% - 2:55
PP Defense
1 - 58% - 55% - 5:09
2 - 42% - 45% - 3:40
PK Forward
1 - 76% - 55% - 3:00
2 - 24% - 45% - 0:58
PK Defense
1 - 37% - 55% - 1:29
2 - 63% - 45% - 2:29
PK3 Forward
1 - 0% - 55%
2 - 0% - 45%
PK3 Defense
1 - 0% - 55%
2 - 0% - 45%
44 Forward
1 - 0% - 55%
2 - 0% - 45%
44 Defense
1 - 0% - 55%
2 - 0% - 45%
Last Minute Offensive  - 0:34
Last Minute Defensive  - 0:00
Total
Forward - 60:00
Defense - 60:00
% Time on Ice - SASKATOON DUCKS
Lines # - Real PCT - Wanted PCT - Time Play
Normal Forward
1 - 34% - 36% - 16:05
2 - 33% - 36% - 15:44
3 - 26% - 23% - 12:30
4 - 6% - 5% - 2:54
Normal Defense
1 - 35% - 36% - 16:30
2 - 36% - 31% - 16:48
3 - 23% - 23% - 11:01
4 - 6% - 10% - 2:54
PP Forward
1 - 50% - 55% - 1:58
2 - 50% - 45% - 2:00
PP Defense
1 - 50% - 55% - 1:58
2 - 50% - 45% - 2:00
PK Forward
1 - 57% - 55% - 5:01
2 - 43% - 45% - 3:48
PK Defense
1 - 53% - 55% - 4:40
2 - 47% - 45% - 4:09
PK3 Forward
1 - 0% - 55%
2 - 0% - 45%
PK3 Defense
1 - 0% - 55%
2 - 0% - 45%
44 Forward
1 - 0% - 55%
2 - 0% - 45%
44 Defense
1 - 0% - 55%
2 - 0% - 45%
Last Minute Offensive  - 0:00
Last Minute Defensive  - 0:00
Total
Forward - 60:00
Defense - 60:00
Play-by-Play 1st period 0:01 of 1st period - Sidney Crosby wins face-off versus William Nylander in neutral zone. 0:26 of 1st period - Shot by Jake Guentzel. 0:26 of 1st period - Stopped by Karel Vejmelka without a rebound. 0:27 of 1st period - Matthew Poitras wins face-off versus John Tavares in SEATTLE GRUNGE zone. 0:42 of 1st period - Shot by John Tavares. 0:42 of 1st period - Stopped by Karel Vejmelka without a rebound. 0:43 of 1st period - Nils Aman wins face-off versus Travis Boyd in SEATTLE GRUNGE zone. 0:43 of 1st period - Nils Aman is hit by Nick Seeler. 0:48 of 1st period - Kailer Yamamoto is hit by William Borgen and loses puck. 0:54 of 1st period - Kailer Yamamoto is hit by William Borgen and loses puck. 1:08 of 1st period - Kasperi Kapanen is hit by William Borgen. 1:10 of 1st period - Shot by Kailer Yamamoto. 1:10 of 1st period - Stopped by Karel Vejmelka without a rebound. 1:11 of 1st period - John Tavares wins face-off versus Curtis Lazar in SEATTLE GRUNGE zone. 1:15 of 1st period - Ryan Strome is hit by Kaiden Guhle and loses puck. 1:27 of 1st period - Ryan Strome is hit by Radim Simek and loses puck. 1:53 of 1st period - Shot by John Tavares. 1:53 of 1st period - Shot Misses the Net. 1:56 of 1st period - Icing by Kaiden Guhle. 1:57 of 1st period - Sidney Crosby wins face-off versus Curtis Lazar in SEATTLE GRUNGE zone. 1:59 of 1st period - Minor Penalty to Jake Guentzel for Tripping. 2:00 of 1st period - Sean Monahan wins face-off versus Sidney Crosby in SASKATOON DUCKS zone. 2:01 of 1st period - Shot by Travis Sanheim. 2:01 of 1st period - Stopped by Tristan Jarry without a rebound. 2:02 of 1st period - Sean Monahan wins face-off versus Sidney Crosby in SASKATOON DUCKS zone. 2:09 of 1st period - Shot by William Nylander. 2:09 of 1st period - Stopped by Tristan Jarry without a rebound. 2:10 of 1st period - Sean Monahan wins face-off versus John Tavares in SASKATOON DUCKS zone. 2:15 of 1st period - Shot by Travis Sanheim. 2:15 of 1st period - Stopped by Tristan Jarry with a rebound. 2:17 of 1st period - Shot by William Nylander. 2:17 of 1st period - Stopped by Tristan Jarry without a rebound. 2:18 of 1st period - Sidney Crosby wins face-off versus Matthew Poitras in SASKATOON DUCKS zone. 2:18 of 1st period - Sidney Crosby is hit by Morgan Geekie. 2:32 of 1st period - Sidney Crosby is hit by Warren Foegele and loses puck. 2:41 of 1st period - Shot by Warren Foegele. 2:41 of 1st period - Shot Blocked by Sidney Crosby. 2:45 of 1st period - Shot by Warren Foegele. 2:45 of 1st period - Shot Misses the Net. 2:47 of 1st period - Shot by Brett Kulak. 2:47 of 1st period - Shot Misses the Net. 2:49 of 1st period - Shot by Kaiden Guhle. 2:49 of 1st period - Stopped by Tristan Jarry without a rebound. 2:50 of 1st period - John Tavares wins face-off versus Sean Monahan in SASKATOON DUCKS zone. 3:03 of 1st period - Shot by John Tavares. 3:03 of 1st period - Stopped by Karel Vejmelka without a rebound. 3:04 of 1st period - John Tavares wins face-off versus Sean Monahan in SEATTLE GRUNGE zone. 3:11 of 1st period - Chris Tanev is hit by Tyler Seguin and loses puck. 6:09 of 1st period - Shot by Tyler Seguin. 6:09 of 1st period - Shot Blocked by Nils Aman. 6:22 of 1st period - Kailer Yamamoto is hit by Alexey Toropchenko. 6:23 of 1st period - Off-side. 6:24 of 1st period - Sidney Crosby wins face-off versus Travis Boyd in neutral zone. 6:36 of 1st period - Off-side. 6:37 of 1st period - Sidney Crosby wins face-off versus Curtis Lazar in neutral zone. 6:59 of 1st period - Shot by Sidney Crosby. 6:59 of 1st period - Stopped by Karel Vejmelka without a rebound. 7:00 of 1st period - John Tavares wins face-off versus Sean Monahan in SEATTLE GRUNGE zone. 7:09 of 1st period - Shot by John Tavares. 7:09 of 1st period - Goal by John Tavares - SEATTLE GRUNGE : 0 - SASKATOON DUCKS : 1. 7:10 of 1st period - Matthew Poitras wins face-off versus Sidney Crosby in neutral zone. 8:20 of 1st period - Icing by Brett Kulak. 8:21 of 1st period - Nils Aman wins face-off versus William Nylander in SEATTLE GRUNGE zone. 8:24 of 1st period - Shot by Jaycob Megna. 8:24 of 1st period - Stopped by Karel Vejmelka without a rebound. 8:25 of 1st period - Nils Aman wins face-off versus Sean Monahan in SEATTLE GRUNGE zone. 8:35 of 1st period - Icing by Nikita Zaitsev. 8:36 of 1st period - Sean Monahan wins face-off versus Nils Aman in SASKATOON DUCKS zone. 9:09 of 1st period - Shot by Nils Aman. 9:09 of 1st period - Shot Misses the Net. 10:01 of 1st period - Shot by Jimmy Vesey. 10:01 of 1st period - Stopped by Tristan Jarry without a rebound. 10:02 of 1st period - Matthew Poitras wins face-off versus Sidney Crosby in SASKATOON DUCKS zone. 10:22 of 1st period - Jake Sanderson is hit by Warren Foegele. 10:37 of 1st period - Off-side. 10:38 of 1st period - John Tavares wins face-off versus Travis Boyd in neutral zone. 11:04 of 1st period - Icing by Ryan Strome. 11:05 of 1st period - John Tavares wins face-off versus Sean Monahan in SASKATOON DUCKS zone. 11:05 of 1st period - John Tavares is hit by Tyler Seguin. 12:01 of 1st period - Shot by Jake Guentzel. 12:01 of 1st period - Stopped by Karel Vejmelka with a rebound. 12:07 of 1st period - Shot by Sidney Crosby. 12:07 of 1st period - Shot Hit the Post. 12:15 of 1st period - Shot by Sidney Crosby. 12:15 of 1st period - Shot Misses the Net. 12:17 of 1st period - Shot by Samuel Girard. 12:17 of 1st period - Shot Misses the Net. 12:25 of 1st period - Shot by Warren Foegele. 12:25 of 1st period - Stopped by Tristan Jarry without a rebound. 12:26 of 1st period - Nils Aman wins face-off versus Travis Boyd in SASKATOON DUCKS zone. 13:04 of 1st period - Shot by Jimmy Vesey. 13:04 of 1st period - Shot Blocked by Nikita Zaitsev. 13:52 of 1st period - Shot by John Tavares. 13:52 of 1st period - Shot Misses the Net. 14:00 of 1st period - Shot by John Tavares. 14:00 of 1st period - Stopped by Karel Vejmelka with a rebound. 14:08 of 1st period - Shot by Mathieu Joseph. 14:08 of 1st period - Shot Misses the Net. 14:10 of 1st period - Shot by Chris Tanev. 14:10 of 1st period - Shot Misses the Net. 14:17 of 1st period - Icing by Brett Kulak. 14:18 of 1st period - Sidney Crosby wins face-off versus Sean Monahan in SEATTLE GRUNGE zone. 14:58 of 1st period - Shot by Jake Guentzel. 14:58 of 1st period - Stopped by Karel Vejmelka without a rebound. 14:59 of 1st period - Nils Aman wins face-off versus Morgan Geekie in SEATTLE GRUNGE zone. 15:01 of 1st period - Kailer Yamamoto is hit by Radim Simek and loses puck. 15:07 of 1st period - Morgan Geekie is hit by Kailer Yamamoto and loses puck. 15:14 of 1st period - Shot by Morgan Geekie. 15:14 of 1st period - Shot Misses the Net. 15:16 of 1st period - Shot by Matthew Poitras. 15:16 of 1st period - Shot Misses the Net. 15:18 of 1st period - Shot by Kaiden Guhle. 15:18 of 1st period - Deflect By Matthew Poitras. 15:18 of 1st period - Shot Misses the Net. 15:20 of 1st period - Shot by Matthew Poitras. 15:20 of 1st period - Stopped by Tristan Jarry without a rebound. 15:21 of 1st period - John Tavares wins face-off versus Jimmy Vesey in SASKATOON DUCKS zone. 15:39 of 1st period - Ryan Strome is hit by Nick Seeler. 16:01 of 1st period - Shot by Mathieu Joseph. 16:01 of 1st period - Shot Blocked by William Borgen. 17:40 of 1st period - Curtis Lazar is hit by Nikita Zaitsev and loses puck. 17:46 of 1st period - Chris Tierney is hit by Nikita Zaitsev and loses puck. 17:55 of 1st period - Shot by Alexey Toropchenko. 17:55 of 1st period - Stopped by Tristan Jarry without a rebound. 17:56 of 1st period - Sean Monahan wins face-off versus Jake Guentzel in SASKATOON DUCKS zone. 17:57 of 1st period - Shot by William Nylander. 17:57 of 1st period - Stopped by Tristan Jarry without a rebound. 17:58 of 1st period - Sean Monahan wins face-off versus John Tavares in SASKATOON DUCKS zone. 17:58 of 1st period - William Nylander is hit by Ben Chiarot and loses puck. 17:59 of 1st period - Minor Penalty to Ben Chiarot for High sticking. 18:00 of 1st period - Sidney Crosby wins face-off versus William Nylander in SASKATOON DUCKS zone. 18:25 of 1st period - Shot by Sean Monahan. 18:25 of 1st period - Shot Misses the Net. 19:07 of 1st period - Shot by Warren Foegele. 19:07 of 1st period - Shot Blocked by Jake Sanderson. Goals for this period are 0 for SEATTLE GRUNGE vs 1 for SASKATOON DUCKS. Shots for this period are 10 for SEATTLE GRUNGE vs 10 for SASKATOON DUCKS. 2nd period 0:01 of 2nd period - Jake Guentzel wins face-off versus Sean Monahan in neutral zone. 0:08 of 2nd period - Off-side. 0:09 of 2nd period - Sean Monahan wins face-off versus Sidney Crosby in neutral zone. 1:13 of 2nd period - Minor Penalty to Mathieu Joseph for Hooking. 1:14 of 2nd period - John Tavares wins face-off versus Matthew Poitras in SASKATOON DUCKS zone. 1:33 of 2nd period - Shot by Kaiden Guhle. 1:33 of 2nd period - Stopped by Tristan Jarry without a rebound. 1:34 of 2nd period - Sidney Crosby wins face-off versus Sean Monahan in SASKATOON DUCKS zone. 2:25 of 2nd period - Icing by William Nylander. 2:26 of 2nd period - John Tavares wins face-off versus Tyler Seguin in SEATTLE GRUNGE zone. 3:25 of 2nd period - Shot by Jimmy Vesey. 3:25 of 2nd period - Shot Blocked by Jake Sanderson. 3:27 of 2nd period - Shot by Travis Boyd. 3:27 of 2nd period - Stopped by Tristan Jarry without a rebound. 3:28 of 2nd period - Curtis Lazar wins face-off versus Nils Aman in SASKATOON DUCKS zone. 3:32 of 2nd period - Icing by Jake Sanderson. 3:33 of 2nd period - Matthew Poitras wins face-off versus Nils Aman in SASKATOON DUCKS zone. 3:40 of 2nd period - Shot by Warren Foegele. 3:40 of 2nd period - Shot Misses the Net. 4:41 of 2nd period - Shot by Jimmy Vesey. 4:41 of 2nd period - Shot Misses the Net. 5:06 of 2nd period - Travis Boyd is hit by Ben Chiarot and loses puck. 5:29 of 2nd period - Shot by William Nylander. 5:29 of 2nd period - Shot Blocked by Chris Tanev. 5:31 of 2nd period - Shot by William Nylander. 5:31 of 2nd period - Shot Blocked by Chris Tanev. 5:33 of 2nd period - Shot by William Nylander. 5:33 of 2nd period - Shot Misses the Net. 5:35 of 2nd period - Shot by William Nylander. 5:35 of 2nd period - Deflect By Sean Monahan. 5:35 of 2nd period - Stopped by Tristan Jarry with a rebound. 5:50 of 2nd period - Sean Monahan is hit by Ben Chiarot and loses puck. 6:08 of 2nd period - Minor Penalty to Mathieu Joseph for Roughing. 6:09 of 2nd period - Sidney Crosby wins face-off versus Matthew Poitras in SASKATOON DUCKS zone. 6:17 of 2nd period - Kaiden Guhle is hit by Nikita Zaitsev and loses puck. 6:27 of 2nd period - Icing by Brett Kulak. 6:28 of 2nd period - Sidney Crosby wins face-off versus Matthew Poitras in SEATTLE GRUNGE zone. 6:57 of 2nd period - Shot by William Nylander. 6:57 of 2nd period - Stopped by Tristan Jarry with a rebound.